 Dungeon Crawl Stone Soup version 0.28.0-43-g3370ac3207 (webtiles) character file.

Game seed: 4342826068052610422

380 cbfl8 the Chopper (level 6, -1/52 HPs)
             Began as a Palentonga Berserker on Mar 11, 2022.
             Was a Believer of Trog.
             Slain by an iguana (11 damage)
             ... on level 4 of the Dungeon.
             The game lasted 00:07:48 (4340 turns).

cbfl8 the Chopper (Palentonga Berserker)            Turns: 4340, Time: 00:07:49

Health: -1/52      AC:  9    Str: 20    XL:     6   Next: 46%
Magic:  6/6        EV:  8    Int:  8    God:    Trog [**....]
Gold:   95         SH:  0    Dex: 11    Spells: 5/5 levels left

rFire   + . .      SeeInvis +   v - +0 quarterstaff
rCold   + . .      Faith    .   (shield currently unavailable)
rNeg    . . .      Spirit   .   p - +0 scale mail
rPois   +          Reflect  .   n - +2 helmet
rElec   +          Harm     .   (no cloak)
rCorr   +          Rampage  .   (no gloves)
Will    ++...                   (no barding)
Stlth   ..........              (no amulet)
HPRegen 1.17/turn               (no ring)
MPRegen 0.10/turn               (no ring)

@: resistant, strong-willed, on berserk cooldown, regenerating
A: large, rugged brown scales 3, see invisible, deformed body, roll 1, armoured
tail
a: Rolling Charge, Renounce Religion, Berserk, Trog's Hand


You were on level 4 of the Dungeon.
You worshipped Trog.
Trog was pleased with you.
You visited 1 branch of the dungeon, and saw 4 of its levels.

You collected 95 gold pieces.

Inventory:

Hand Weapons
 a - a +0 hand axe
 u - a +2 scythe of protection
 v - a +0 quarterstaff (weapon)
Armour
 b - a +0 animal skin
 l - a +0 leather armour
 n - a +2 helmet (worn)
 p - a +0 scale mail (worn)
Jewellery
 r - a ring of poison resistance
Wands
 o - a wand of mindburst (17)
Scrolls
 e - 6 scrolls of identify {unknown}
 f - a scroll of enchant armour {unknown}
 h - a scroll of magic mapping {unknown}
 i - a scroll of vulnerability {unknown}
 j - 2 scrolls of amnesia {unknown}
 k - a scroll of fear {unknown}
 s - a scroll of teleportation {unknown}
 t - a scroll of blinking {unknown}
Potions
 c - a potion of flight {unknown}
 m - a potion of ambrosia {unknown}


   Skills:
 + Level 4.3 Fighting
 + Level 5.1(5.2) Axes
 + Level 0.8(3.0) Polearms
 + Level 2.6 Armour
 + Level 2.5 Dodging
 + Level 0.3 Stealth


You had 5 spell levels left.
You didn't know any spells.
Your spell library contained the following spells:

 Spells                   Type           Power      Damage    Failure   Level
 Scorch                   Fire           0%         2d5       88%         2
 Flame Wave               Conj/Fire      0%         2d4       100%        4
 Summon Cactus Giant      Summ           0%         N/A       100%        6


Dungeon Overview and Level Annotations

Branches:
Dungeon (4/15)
 Temple: D:4-7

Altars:
Okawaru
Uskayaw
The Shining One


Innate Abilities, Weirdness & Mutations

You are completely covered in rugged brown scales. (AC +3, +7% HP)
You have supernaturally acute eyesight. (SInv)
Armour fits poorly on your strangely shaped body.
You can roll at nearby foes to attack.
You have a long armoured tail.


Message History

You are frozen.
You resist.
It was a potion of heal wounds.
You feel much better.
You feel the effects of Trog's Hand fading.
The howler monkey hits you but does no damage.
The endoplasm hits you but does no damage.
The howler monkey hits you but does no damage.
The endoplasm hits you but does no damage.
You sock the endoplasm!
You kill the endoplasm!
Trog accepts your kill. The howler monkey hits you.
The howler monkey hoots and howls with incredible vigour!
The hobgoblin hits you.
You hit the hobgoblin.
You kill the hobgoblin!
Trog accepts your kill. The howler monkey hits you. x2
The howler monkey hits you but does no damage.
The iguana bites you.
You closely miss the iguana.
You feel yourself speed up.
Your skin stops crawling.
You feel less strong-willed. The howler monkey closely misses you.
The iguana bites you.
* * * LOW HITPOINT WARNING * * *
The howler monkey barely misses you. The iguana barely misses you.
Your skin crawls.
You feel strong-willed. The howler monkey barely misses you.
The iguana bites you but does no damage.
You closely miss the iguana.
The howler monkey hits you but does no damage.
The iguana bites you!
* * * LOW HITPOINT WARNING * * *
The howler monkey hoots and howls with incredible vigour!
You sock the iguana!
You tail-slap the iguana, but do no damage.
The iguana is moderately wounded.
The howler monkey hits you but does no damage.
The iguana bites you!
You die...

######## #.@lDlw#
###h##.# #.##.#
#.##h# #.##.#
#.##l# #.##D#
#.##w# ###+#.
#.##.#######.....


You could see a steam dragon, a howler monkey, 2 iguanas and a dart slug.

Vanquished Creatures
  Sigmund (D:3)
  An orc priest (D:3)
  An orc wizard (D:3)
  3 adders
  4 gnolls (D:4)
  A worm (D:2)
  2 dart slugs
  11 orcs (D:3)
  8 ball pythons
  2 bats
  10 endoplasms
  A giant cockroach (D:3)
  14 goblins
  9 hobgoblins
  5 kobolds
  4 quokkas
  A frilled lizard (D:2)
  5 rats
83 creatures vanquished.

Vanquished Creatures (others)
  An adder (D:4)
1 creature vanquished.

Grand Total: 84 creatures vanquished

Notes
Turn   | Place    | Note
-------+----------+-------------------------------------------
     0 | D:1      | cbfl8 the Palentonga Berserker began the quest for the Orb.
     0 | D:1      | Reached XP level 1. HP: 19/19 MP: 1/1
   244 | D:1      | Reached XP level 2. HP: 20/25 MP: 2/2
   244 | D:1      | Found a faded altar of an unknown god.
   973 | D:2      | Reached XP level 3. HP: 32/32 MP: 3/3
  1309 | D:2      | Reached ** piety under Trog
  1905 | D:3      | Found an iron altar of Okawaru.
  1970 | D:3      | Reached XP level 4. HP: 37/39 MP: 4/4
  1976 | D:3      | Reached skill level 4 in Axes
  2367 | D:3      | Found a hide-covered altar of Uskayaw.
  2537 | D:3      | Reached XP level 5. HP: 42/44 MP: 5/5
  2968 | D:3      | Found a glowing golden altar of the Shining One.
  3075 | D:3      | Noticed Sigmund
  3101 | D:3      | Killed Sigmund
  3102 | D:3      | Reached skill level 5 in Axes
  3102 | D:3      | Reached XP level 6. HP: 26/52 MP: 6/6
  4297 | D:4      | Noticed a steam dragon
  4328 | D:4      | HP: 1/52 [howler monkey (3)]
  4340 | D:4      | Slain by an iguana

Illustrated notes

Levels and vault maps discovered:
D:1:      dpeg_arrival_rooms_b, layout_basic, chequers_ecumenical_altar_twisty
D:2:      layout_basic, minivault_24, minmay_heptomino_d4
D:3:      layout_loops_ring, marbit_many_paths, okawaru_trees_2,
          nicolae_tso_swordbearing_angel, guppyfry_early_orc_mine, uniq_sigmund
D:4:      layout_basic, minmay_temple_entry_enclosed_plants, uniq_blork_the_orc,
          uniq_menkaure

Skill      XL: |  1  2  3  4  5 |
---------------+----------------+-----
Dodging        | 2 |  2.5
Axes           | 4 5 |  5.1
Fighting       | 4 |  4.3
Armour         | 2 |  2.6
Polearms       | |  0.8
Stealth        | |  0.3

Action                   |  1- 3 |  4- 6 || total
-------------------------+-------+-------++-------
Melee: Hand axe          |   100 |    68 ||   168
       Tailslap          |    12 |    12 ||    24
       Punch             |     1 |     2 ||     3
       Scythe            |       |    42 ||    42
       Quarterstaff      |       |    11 ||    11
Invok: Berserk           |     1 |     2 ||     3
       Trog's Hand       |       |     4 ||     4
 Abil: Rolling Charge    |       |     1 ||     1
  Use: Potion            |       |     5 ||     5
Armor: Animal skin       |    40 |       ||    40
       Leather armour    |    11 |     1 ||    12
       Scale mail        |       |    93 ||    93
Dodge: Dodged            |    75 |    56 ||   131
